[ AOE2 MATCH · #476257828 ]
UnrankedMagyars vs Tupi
[ REPLAY ANALYSIS · EXTRACTED FROM THE RECORDED GAME ]
Feudal
10:41
Castle
22:01
Imperial
—
| APM avg | 30.8 |
| APM peak | 47 |
| eAPM avg | 13.6 |
| Villagers / military | 36 / 14 |
Focus
⚔️ 18.3% · 🌾 81.7%
Scout Cavalry ×11 · Spearman ×3
Feudal
7:34
Castle
—
Imperial
—
| APM avg | 51.5 |
| APM peak | 74 |
| eAPM avg | 19.6 |
| Villagers / military | 40 / 22 |
Focus
⚔️ 32.3% · 🌾 67.7%
Scout Cavalry ×21 · Spearman ×1
Feudal
9:57
Castle
—
Imperial
—
| APM avg | 47.2 |
| APM peak | 77 |
| eAPM avg | 17.7 |
| Villagers / military | 42 / 33 |
Focus
⚔️ 30.0% · 🌾 70.0%
Archer ×24 · Skirmisher ×7 · Spearman ×2
Feudal
8:46
Castle
—
Imperial
—
| APM avg | 32.5 |
| APM peak | 55 |
| eAPM avg | 16.7 |
| Villagers / military | 65 / 0 |
Focus
⚔️ 25.8% · 🌾 74.2%
Feudal
9:37
Castle
—
Imperial
—
| APM avg | 38.9 |
| APM peak | 62 |
| eAPM avg | 15.3 |
| Villagers / military | 35 / 35 |
Focus
⚔️ 39.3% · 🌾 60.7%
Archer ×32 · Skirmisher ×2 · Spearman ×1
Feudal
9:12
Castle
—
Imperial
—
| APM avg | 72.6 |
| APM peak | 122 |
| eAPM avg | 26.3 |
| Villagers / military | 56 / 28 |
Focus
⚔️ 46.0% · 🌾 54.0%
Scout Cavalry ×27 · Spearman ×1
Feudal
8:29
Castle
—
Imperial
—
| APM avg | 33.6 |
| APM peak | 77 |
| eAPM avg | 15.9 |
| Villagers / military | 51 / 34 |
Focus
⚔️ 31.8% · 🌾 68.2%
Archer ×34
Feudal
10:07
Castle
—
Imperial
—
| APM avg | 46.0 |
| APM peak | 78 |
| eAPM avg | 24.8 |
| Villagers / military | 37 / 20 |
Focus
⚔️ 31.8% · 🌾 68.2%
Archer ×18 · Militia ×2
Match map
Initial resources + every placement click. Lines = walls · curves = elevation contours. ◆ gold · ⬟ stone · ● berries · ✦ relic · ◌ wall gap
Your base· Open — unwalled flank
Marlin's base· Open — unwalled flank
Indy's base· Open — 9t gap
Decade's base· Open — unwalled flank
Mike_raft's base· Open — unwalled flank
Yololo's base· Open — unwalled flank
Internet Explorer's base· Open — 5t gap
MaMo7x's base· Open — 8t gap
Smoothed initial terrain · ◌ = detected wall gap · hover for details
Inputs per minute
— Oliver - - Marlin
Build order — Oliver
105 actions detected in the replay
| 0:08 | Build | Town Center |
| 1:13 | Create | Villager (Male) |
| 1:13 | Create | Villager (Male) |
| 1:14 | Create | Villager (Male) |
| 1:14 | Create | Villager (Male) |
| 1:14 | Create | Villager (Male) |
| 1:51 | Build | Lumber Camp |
| 1:54 | Create | Villager (Male) |
| 2:20 | Create | Villager (Male) |
| 2:48 | Create | Villager (Male) |
| 3:17 | Create | Villager (Male) |
| 3:17 | Create | Villager (Male) |
| 3:23 | Build | House |
| 3:40 | Create | Villager (Male) |
| 4:58 | Create | Villager (Male) |
| 4:59 | Create | Villager (Male) |
| 4:59 | Create | Villager (Male) |
| 5:15 | Create | Villager (Male) |
| 6:28 | Research | Loom |
| 7:12 | Create | Villager (Male) |
| 7:12 | Create | Villager (Male) |
| 7:25 | Build | Mill |
| 8:06 | Create | Villager (Male) |
| 8:22 | Research | Feudal Age |
| 8:33 | Build | House |
| 8:34 | Build | House |
| 9:01 | Create | Villager (Male) |
| 9:02 | Create | Villager (Male) |
| 9:14 | Build | Barracks |
| 10:41 | Age | Feudal Age |
| 10:42 | Build | Stable |
| 10:43 | Build | Stable |
| 10:49 | Create | Villager (Male) |
| 11:06 | Create | Spearman |
| 11:06 | Create | Spearman |
| 11:14 | Create | Villager (Male) |
| 11:15 | Create | Villager (Male) |
| 11:15 | Create | Villager (Male) |
| 11:21 | Build | House |
| 11:23 | Build | House |
| 11:36 | Create | Scout Cavalry |
| 11:37 | Create | Scout Cavalry |
| 11:38 | Create | Scout Cavalry |
| 11:39 | Create | Scout Cavalry |
| 11:39 | Create | Scout Cavalry |
| 11:39 | Create | Scout Cavalry |
| 12:18 | Build | Blacksmith |
| 12:20 | Create | Scout Cavalry |
| 12:22 | Create | Villager (Male) |
| 12:39 | Build | House |
| 12:50 | Create | Scout Cavalry |
| 12:52 | Research | Scale Barding Armor |
| 12:53 | Create | Scout Cavalry |
| 13:04 | Create | Spearman |
| 13:11 | Create | Villager (Male) |
| 13:25 | Create | Villager (Male) |
| 13:49 | Create | Scout Cavalry |
| 13:50 | Create | Villager (Male) |
| 13:53 | Build | Mining Camp |
| 13:58 | Research | Horse Collar |
| 14:06 | Research | Double-Bit Axe |
| 14:36 | Create | Villager (Male) |
| 14:36 | Create | Villager (Male) |
| 14:43 | Build | Farm |
| 14:46 | Create | Villager (Male) |
| 14:48 | Build | Farm |
| 14:52 | Build | Farm |
| 15:10 | Build | Farm |
| 15:10 | Build | Farm |
| 15:25 | Create | Villager (Male) |
| 15:26 | Create | Scout Cavalry |
| 15:29 | Build | Farm |
| 15:39 | Build | Palisade Gate |
| 15:42 | Build | House |
| 15:43 | Build | House |
| 15:52 | Build | House |
| 15:53 | Create | Villager (Male) |
| 16:10 | Create | Villager (Male) |
| 16:15 | Create | Villager (Male) |
| 16:56 | Build | Farm |
| 16:59 | Build | Farm |
| 17:00 | Build | Farm |
| 17:03 | Build | Farm |
| 17:29 | Research | Wheelbarrow |
| 17:32 | Build | Mill |
| 17:47 | Build | Farm |
| 17:48 | Build | Farm |
| 17:50 | Build | Farm |
| 18:30 | Build | Farm |
| 18:30 | Build | Farm |
| 19:21 | Research | Castle Age |
| 20:34 | Create | Villager (Male) |
| 21:05 | Build | Mining Camp |
| 21:09 | Build | Stable |
| 21:10 | Build | Stable |
| 21:18 | Build | Mill |
| 21:19 | Build | Farm |
| 21:19 | Build | Farm |
| 21:19 | Build | Farm |
| 21:21 | Build | Farm |
| 21:48 | Build | Farm |
| 21:49 | Build | Farm |
| 21:49 | Build | Farm |
| 21:58 | Research | Bloodlines |
| 22:01 | Age | Castle Age |
Build order — Marlin
126 actions detected in the replay
| 0:04 | Build | Town Center |
| 0:07 | Build | Mill |
| 1:14 | Create | Villager (Male) |
| 1:15 | Create | Villager (Male) |
| 1:42 | Create | Villager (Male) |
| 1:43 | Create | Villager (Male) |
| 2:06 | Build | Lumber Camp |
| 2:11 | Build | Lumber Camp |
| 2:17 | Create | Villager (Male) |
| 2:18 | Create | Villager (Male) |
| 3:04 | Create | Villager (Male) |
| 3:32 | Create | Villager (Male) |
| 4:03 | Create | Villager (Male) |
| 4:04 | Create | Villager (Male) |
| 4:08 | Research | Loom |
| 4:10 | Create | Villager (Male) |
| 4:11 | Research | Loom |
| 5:18 | Research | Feudal Age |
| 5:20 | Research | Loom |
| 6:42 | Create | Villager (Male) |
| 6:49 | Build | Barracks |
| 7:00 | Create | Villager (Male) |
| 7:07 | Build | House |
| 7:12 | Build | Mill |
| 7:34 | Age | Feudal Age |
| 7:36 | Build | Stable |
| 8:15 | Create | Scout Cavalry |
| 8:32 | Build | Stable |
| 8:43 | Create | Scout Cavalry |
| 9:02 | Create | Villager (Male) |
| 9:17 | Create | Villager (Male) |
| 9:19 | Build | Farm |
| 9:20 | Build | Farm |
| 9:21 | Build | Farm |
| 10:11 | Create | Villager (Male) |
| 10:16 | Build | Farm |
| 10:25 | Build | House |
| 10:35 | Create | Villager (Male) |
| 10:35 | Create | Scout Cavalry |
| 10:43 | Build | House |
| 11:12 | Create | Scout Cavalry |
| 11:31 | Create | Villager (Male) |
| 11:41 | Build | Farm |
| 11:42 | Build | Farm |
| 11:43 | Build | Farm |
| 11:43 | Build | Farm |
| 11:48 | Build | Farm |
| 11:48 | Build | Farm |
| 11:51 | Create | Scout Cavalry |
| 11:56 | Build | Farm |
| 12:09 | Create | Villager (Male) |
| 12:12 | Build | House |
| 12:14 | Create | Spearman |
| 12:39 | Create | Villager (Male) |
| 12:55 | Create | Scout Cavalry |
| 13:11 | Create | Scout Cavalry |
| 13:16 | Create | Villager (Male) |
| 13:35 | Build | Blacksmith |
| 13:49 | Build | House |
| 14:10 | Create | Villager (Male) |
| 14:11 | Create | Scout Cavalry |
| 14:17 | Create | Villager (Male) |
| 14:19 | Build | House |
| 14:19 | Build | House |
| 14:26 | Build | Mill |
| 14:36 | Research | Forging |
| 14:37 | Research | Forging |
| 14:49 | Create | Villager (Male) |
| 15:08 | Create | Villager (Male) |
| 15:26 | Create | Villager (Male) |
| 15:28 | Build | House |
| 15:29 | Build | House |
| 15:32 | Build | Palisade Wall |
| 15:46 | Create | Scout Cavalry |
| 15:46 | Create | Scout Cavalry |
| 16:01 | Build | Palisade Gate |
| 16:07 | Build | House |
| 16:09 | Create | Villager (Male) |
| 16:11 | Create | Scout Cavalry |
| 16:18 | Build | Farm |
| 16:18 | Build | Farm |
| 16:19 | Build | Farm |
| 16:20 | Build | Farm |
| 16:27 | Create | Scout Cavalry |
| 16:33 | Build | Farm |
| 16:36 | Build | Farm |
| 16:38 | Create | Villager (Male) |
| 16:51 | Create | Villager (Male) |
| 17:07 | Create | Scout Cavalry |
| 17:22 | Create | Scout Cavalry |
| 17:26 | Create | Villager (Male) |
| 17:36 | Create | Villager (Male) |
| 17:44 | Build | Lumber Camp |
| 17:51 | Create | Scout Cavalry |
| 18:08 | Create | Villager (Male) |
| 18:23 | Create | Scout Cavalry |
| 18:40 | Research | Scale Barding Armor |
| 18:50 | Create | Villager (Male) |
| 18:53 | Create | Villager (Male) |
| 19:03 | Build | House |
| 19:04 | Build | House |
| 19:05 | Build | House |
| 19:06 | Build | House |
| 19:20 | Create | Villager (Male) |
| 19:24 | Build | Farm |
| 19:24 | Build | Farm |
| 19:25 | Build | Farm |
| 19:25 | Build | Farm |
| 19:25 | Build | Farm |
| 19:25 | Build | Farm |
| 19:33 | Research | Bloodlines |
| 19:45 | Create | Scout Cavalry |
| 20:07 | Create | Villager (Male) |
| 20:12 | Build | Lumber Camp |
| 20:16 | Build | House |
| 20:18 | Build | House |
| 20:28 | Create | Scout Cavalry |
| 20:28 | Create | Scout Cavalry |
| 21:04 | Create | Scout Cavalry |
| 21:04 | Create | Scout Cavalry |
| 21:04 | Create | Villager (Male) |
| 21:22 | Create | Villager (Male) |
| 21:37 | Build | Market |
| 21:51 | Create | Villager (Male) |
| 21:53 | Create | Villager (Male) |
| 21:54 | Build | Farm |
Build order — Indy
114 actions detected in the replay
| 0:06 | Build | Town Center |
| 1:07 | Create | Villager (Male) |
| 1:07 | Create | Villager (Male) |
| 1:07 | Create | Villager (Male) |
| 1:15 | Create | Villager (Male) |
| 1:57 | Create | Villager (Male) |
| 1:57 | Create | Villager (Male) |
| 2:02 | Create | Villager (Male) |
| 2:38 | Create | Villager (Male) |
| 2:48 | Create | Villager (Male) |
| 2:49 | Create | Villager (Male) |
| 3:19 | Build | Settlement |
| 3:54 | Create | Villager (Male) |
| 3:54 | Create | Villager (Male) |
| 4:00 | Create | Villager (Male) |
| 4:38 | Create | Villager (Male) |
| 4:38 | Create | Villager (Male) |
| 4:48 | Build | Settlement |
| 5:07 | Create | Villager (Male) |
| 5:19 | Build | House |
| 6:15 | Build | House |
| 6:16 | Build | Palisade Wall |
| 6:18 | Build | Palisade Wall |
| 6:30 | Create | Villager (Male) |
| 6:58 | Research | Loom |
| 7:16 | Research | Feudal Age |
| 8:03 | Build | Barracks |
| 8:18 | Build | House |
| 8:19 | Build | House |
| 9:01 | Build | Palisade Wall |
| 9:02 | Build | Palisade Wall |
| 9:03 | Build | Palisade Wall |
| 9:15 | Create | Villager (Male) |
| 9:32 | Build | House |
| 9:57 | Age | Feudal Age |
| 10:01 | Create | Spearman |
| 10:02 | Create | Spearman |
| 10:14 | Build | Archery Range |
| 10:21 | Create | Villager (Male) |
| 10:21 | Create | Villager (Male) |
| 10:33 | Build | Blacksmith |
| 10:42 | Create | Villager (Male) |
| 10:45 | Build | House |
| 10:49 | Build | Palisade Wall |
| 11:01 | Create | Archer |
| 11:01 | Create | Archer |
| 11:06 | Research | Double-Bit Axe |
| 11:10 | Create | Villager (Male) |
| 11:16 | Build | Palisade Wall |
| 11:20 | Research | Fletching |
| 11:48 | Create | Archer |
| 12:08 | Build | Farm |
| 12:09 | Create | Villager (Male) |
| 12:19 | Create | Villager (Male) |
| 12:30 | Build | Settlement |
| 12:48 | Create | Villager (Male) |
| 12:55 | Create | Archer |
| 13:14 | Create | Villager (Male) |
| 13:14 | Create | Villager (Male) |
| 13:34 | Build | Farm |
| 13:35 | Build | Farm |
| 13:47 | Create | Skirmisher |
| 13:47 | Create | Skirmisher |
| 13:52 | Create | Villager (Male) |
| 13:52 | Create | Villager (Male) |
| 14:13 | Create | Villager (Male) |
| 14:17 | Create | Archer |
| 14:17 | Create | Archer |
| 14:22 | Build | Archery Range |
| 14:25 | Create | Villager (Male) |
| 14:52 | Create | Archer |
| 14:55 | Build | Farm |
| 14:55 | Build | Farm |
| 14:57 | Build | Farm |
| 14:59 | Build | Farm |
| 15:00 | Build | Farm |
| 15:24 | Create | Skirmisher |
| 15:25 | Create | Skirmisher |
| 15:57 | Build | Farm |
| 15:58 | Create | Archer |
| 15:59 | Create | Archer |
| 16:05 | Create | Skirmisher |
| 16:19 | Research | Padded Archer Armor |
| 16:24 | Create | Archer |
| 16:24 | Create | Archer |
| 16:30 | Create | Villager (Male) |
| 16:37 | Build | Watch Tower |
| 16:50 | Create | Archer |
| 16:54 | Create | Villager (Male) |
| 16:58 | Research | Town Watch |
| 17:04 | Create | Archer |
| 17:21 | Research | Horse Collar |
| 17:34 | Create | Villager (Male) |
| 17:57 | Create | Archer |
| 18:07 | Create | Villager (Male) |
| 18:32 | Create | Archer |
| 18:32 | Create | Archer |
| 18:34 | Create | Archer |
| 18:36 | Create | Villager (Male) |
| 18:37 | Create | Villager (Male) |
| 18:59 | Build | Farm |
| 19:01 | Build | Farm |
| 19:20 | Create | Villager (Male) |
| 19:25 | Create | Skirmisher |
| 19:40 | Create | Archer |
| 19:40 | Create | Archer |
| 19:54 | Build | Settlement |
| 19:55 | Create | Villager (Male) |
| 20:02 | Create | Skirmisher |
| 20:07 | Create | Villager (Male) |
| 20:33 | Create | Villager (Male) |
| 21:08 | Create | Villager (Male) |
| 21:11 | Create | Archer ×5 |
| 22:02 | Research | Wheelbarrow |
Build order — Decade
146 actions detected in the replay
| 0:08 | Build | Town Center |
| 1:10 | Create | Villager (Male) ×4 |
| 1:54 | Create | Villager (Male) |
| 2:41 | Create | Villager (Male) |
| 2:51 | Create | Villager (Male) |
| 2:59 | Build | Lumber Camp |
| 3:30 | Create | Villager (Male) |
| 3:31 | Create | Villager (Male) |
| 3:56 | Create | Villager (Male) |
| 4:26 | Create | Villager (Male) |
| 4:38 | Create | Villager (Male) |
| 4:57 | Build | Mill |
| 5:03 | Create | Villager (Male) |
| 5:05 | Create | Villager (Male) |
| 6:11 | Research | Loom |
| 6:30 | Research | Feudal Age |
| 6:30 | Research | Feudal Age |
| 6:30 | Research | Feudal Age |
| 6:30 | Research | Feudal Age |
| 6:30 | Research | Feudal Age |
| 6:30 | Research | Feudal Age |
| 7:08 | Create | Villager (Male) |
| 8:46 | Age | Feudal Age |
| 8:54 | Build | Town Center |
| 8:54 | Create | Villager (Male) |
| 9:06 | Create | Villager (Male) |
| 9:11 | Build | House |
| 9:27 | Create | Villager (Male) |
| 9:31 | Create | Villager (Male) |
| 9:46 | Build | House |
| 9:47 | Create | Villager (Male) |
| 10:01 | Create | Villager (Male) |
| 10:14 | Create | Villager (Male) |
| 10:31 | Build | House |
| 10:34 | Create | Villager (Male) |
| 10:49 | Create | Villager (Male) |
| 10:51 | Create | Villager (Male) |
| 10:59 | Build | Palisade Wall |
| 11:00 | Create | Villager (Male) |
| 11:06 | Build | House |
| 11:10 | Build | Blacksmith |
| 11:13 | Create | Villager (Male) |
| 11:35 | Research | Double-Bit Axe |
| 11:41 | Build | Palisade Wall |
| 11:48 | Create | Villager (Male) |
| 12:00 | Build | Palisade Wall |
| 12:05 | Build | Palisade Wall |
| 12:08 | Create | Villager (Male) |
| 12:20 | Create | Villager (Male) |
| 12:29 | Create | Villager (Male) |
| 12:29 | Create | Villager (Male) |
| 12:30 | Create | Villager (Male) |
| 12:33 | Create | Villager (Male) |
| 12:49 | Create | Villager (Male) |
| 12:56 | Build | Palisade Wall |
| 12:56 | Create | Villager (Male) |
| 12:58 | Build | House |
| 13:06 | Research | Horse Collar |
| 13:17 | Build | Palisade Wall |
| 13:22 | Build | Palisade Wall |
| 13:24 | Create | Villager (Male) |
| 13:30 | Build | Palisade Wall |
| 13:31 | Create | Villager (Male) |
| 13:39 | Build | Farm |
| 13:39 | Build | Farm |
| 13:42 | Build | Farm |
| 13:43 | Build | Farm |
| 13:45 | Build | Farm |
| 13:47 | Build | Farm |
| 13:54 | Build | Farm |
| 13:55 | Build | Farm |
| 13:58 | Create | Villager (Male) |
| 14:00 | Build | Farm |
| 14:02 | Build | Farm |
| 14:06 | Build | Palisade Wall |
| 14:07 | Create | Villager (Male) |
| 14:14 | Build | Palisade Wall |
| 14:20 | Build | Farm |
| 14:21 | Build | Farm |
| 14:22 | Build | Farm |
| 14:29 | Create | Villager (Male) |
| 14:40 | Build | Palisade Wall |
| 14:41 | Create | Villager (Male) |
| 14:47 | Build | Farm |
| 14:50 | Create | Villager (Male) |
| 14:57 | Create | Villager (Male) |
| 15:14 | Build | Farm |
| 15:14 | Create | Villager (Male) |
| 15:19 | Build | Farm |
| 15:19 | Create | Villager (Male) |
| 15:21 | Build | Farm |
| 15:28 | Create | Villager (Male) |
| 15:31 | Build | Farm |
| 15:33 | Build | Farm |
| 15:43 | Build | House |
| 15:45 | Create | Villager (Male) |
| 15:45 | Create | Villager (Male) |
| 15:48 | Build | Farm |
| 15:49 | Create | Villager (Male) |
| 15:58 | Build | Farm |
| 16:20 | Build | Farm |
| 16:21 | Create | Villager (Male) |
| 16:31 | Create | Villager (Male) |
| 16:31 | Create | Villager (Male) |
| 16:34 | Build | Farm |
| 16:45 | Build | Palisade Wall |
| 16:46 | Build | Palisade Wall |
| 16:47 | Create | Villager (Male) |
| 16:58 | Build | Palisade Wall |
| 17:02 | Build | Palisade Wall |
| 17:05 | Build | Palisade Wall |
| 17:06 | Create | Villager (Male) |
| 17:07 | Create | Villager (Male) |
| 17:18 | Build | Palisade Wall |
| 17:20 | Build | Palisade Wall |
| 17:20 | Build | Palisade Wall |
| 17:21 | Build | Palisade Wall |
| 17:24 | Create | Villager (Male) |
| 17:25 | Create | Villager (Male) |
| 17:40 | Build | Barracks |
| 17:41 | Create | Villager (Male) |
| 17:47 | Build | House |
| 17:50 | Build | Farm |
| 17:51 | Build | Farm |
| 17:53 | Build | Farm |
| 18:12 | Build | House |
| 18:12 | Create | Villager (Male) |
| 18:14 | Build | House |
| 18:14 | Create | Villager (Male) |
| 18:16 | Create | Villager (Male) |
| 18:22 | Build | Mill |
| 18:22 | Build | Farm |
| 18:22 | Build | Farm |
| 18:23 | Build | Farm |
| 18:23 | Build | Farm |
| 18:47 | Create | Villager (Male) |
| 18:51 | Build | Market |
| 19:06 | Build | House |
| 19:14 | Build | Farm |
| 19:16 | Build | Farm |
| 19:26 | Research | Wheelbarrow |
| 19:29 | Build | House |
| 19:47 | Create | Villager (Male) |
| 19:55 | Build | Blacksmith |
| 19:59 | Create | Villager (Male) |
| 20:07 | Build | Palisade Wall |
Build order — Mike_raft
109 actions detected in the replay
| 0:06 | Build | Town Center |
| 1:09 | Create | Villager (Male) |
| 1:09 | Create | Villager (Male) |
| 1:09 | Create | Villager (Male) |
| 1:26 | Create | Villager (Male) |
| 1:47 | Create | Villager (Male) |
| 2:11 | Build | Lumber Camp |
| 2:30 | Create | Villager (Male) |
| 2:35 | Create | Villager (Male) |
| 3:18 | Create | Villager (Male) |
| 3:18 | Create | Villager (Male) |
| 4:16 | Create | Villager (Male) |
| 4:57 | Create | Villager (Male) |
| 5:16 | Create | Villager (Male) |
| 5:16 | Create | Villager (Male) |
| 5:31 | Create | Villager (Male) |
| 5:53 | Build | House |
| 5:56 | Build | House |
| 6:05 | Build | Mill |
| 6:23 | Create | Villager (Male) |
| 6:55 | Research | Loom |
| 7:01 | Create | Villager (Male) |
| 7:04 | Research | Feudal Age |
| 7:14 | Build | Barracks |
| 8:24 | Create | Villager (Male) |
| 9:23 | Build | House |
| 9:37 | Age | Feudal Age |
| 9:39 | Build | Archery Range |
| 9:40 | Create | Villager (Male) |
| 9:45 | Build | Archery Range |
| 9:50 | Research | Double-Bit Axe |
| 9:52 | Build | Blacksmith |
| 10:24 | Create | Villager (Male) |
| 10:44 | Build | Mining Camp |
| 10:46 | Create | Archer |
| 10:47 | Create | Skirmisher |
| 10:47 | Create | Skirmisher |
| 11:07 | Create | Villager (Male) |
| 11:08 | Create | Villager (Male) |
| 11:11 | Research | Padded Archer Armor |
| 11:19 | Research | Gold Mining |
| 11:46 | Create | Spearman |
| 11:58 | Create | Archer |
| 12:12 | Create | Villager (Male) |
| 12:13 | Create | Archer |
| 12:15 | Build | House |
| 12:15 | Build | House |
| 12:53 | Create | Villager (Male) |
| 12:53 | Create | Villager (Male) |
| 12:54 | Create | Archer |
| 12:54 | Create | Archer |
| 14:47 | Create | Villager (Male) |
| 14:48 | Create | Archer |
| 14:49 | Create | Archer |
| 14:49 | Create | Archer |
| 14:58 | Create | Archer |
| 14:58 | Create | Archer |
| 14:59 | Create | Archer |
| 15:09 | Build | Mill |
| 15:40 | Create | Villager (Male) |
| 15:40 | Create | Archer |
| 15:40 | Create | Archer |
| 15:50 | Build | House |
| 15:50 | Build | House |
| 16:09 | Research | Fletching |
| 16:34 | Create | Archer |
| 16:34 | Create | Archer |
| 16:47 | Create | Villager (Male) |
| 16:48 | Create | Archer |
| 16:48 | Create | Archer |
| 16:49 | Create | Archer |
| 17:17 | Create | Villager (Male) |
| 17:18 | Create | Villager (Male) |
| 17:18 | Create | Archer |
| 17:18 | Create | Archer |
| 17:19 | Create | Archer |
| 17:20 | Research | Horse Collar |
| 17:46 | Create | Archer |
| 17:46 | Create | Archer |
| 18:09 | Create | Archer |
| 18:09 | Create | Archer |
| 18:10 | Create | Villager (Male) |
| 18:14 | Build | House |
| 18:15 | Build | House |
| 18:54 | Build | Lumber Camp |
| 18:57 | Create | Villager (Male) |
| 18:58 | Create | Villager (Male) |
| 19:03 | Build | Farm |
| 19:04 | Build | Farm |
| 19:05 | Build | Farm |
| 19:29 | Build | Mill |
| 20:02 | Create | Villager (Male) |
| 20:02 | Create | Villager (Male) |
| 20:02 | Create | Archer |
| 20:03 | Create | Archer |
| 20:03 | Create | Archer |
| 20:21 | Create | Archer |
| 20:22 | Create | Archer |
| 20:28 | Build | Farm |
| 20:36 | Build | House |
| 20:36 | Build | House |
| 20:36 | Build | House |
| 20:38 | Build | House |
| 21:16 | Create | Villager (Male) |
| 21:19 | Research | Castle Age |
| 21:33 | Create | Archer |
| 21:34 | Create | Archer |
| 21:37 | Build | Archery Range |
| 21:41 | Build | Mining Camp |
Build order — Yololo
First 150 of 157 actions detected
| 0:10 | Build | Town Center |
| 1:12 | Create | Villager (Male) |
| 1:12 | Create | Villager (Male) |
| 1:13 | Create | Villager (Male) |
| 1:13 | Create | Villager (Male) |
| 1:53 | Create | Villager (Male) |
| 2:15 | Create | Villager (Male) |
| 2:37 | Create | Villager (Male) |
| 2:41 | Build | Lumber Camp |
| 3:16 | Create | Villager (Male) |
| 3:32 | Create | Villager (Male) |
| 3:43 | Create | Villager (Male) |
| 3:58 | Create | Villager (Male) |
| 4:08 | Create | Villager (Male) |
| 4:35 | Create | Villager (Male) |
| 4:38 | Build | Mill |
| 4:59 | Create | Villager (Male) |
| 5:24 | Create | Villager (Male) |
| 6:11 | Create | Villager (Male) |
| 6:12 | Research | Loom |
| 6:48 | Research | Feudal Age |
| 7:29 | Build | Barracks |
| 8:05 | Build | House |
| 8:25 | Build | House |
| 8:36 | Build | Palisade Wall |
| 8:56 | Create | Villager (Male) |
| 9:12 | Age | Feudal Age |
| 9:15 | Build | Stable |
| 9:15 | Create | Villager (Male) |
| 9:23 | Build | Palisade Wall |
| 9:25 | Research | Double-Bit Axe |
| 9:47 | Build | Mill |
| 9:48 | Create | Villager (Male) |
| 9:59 | Build | Palisade Wall |
| 10:05 | Build | Palisade Wall |
| 10:06 | Create | Scout Cavalry |
| 10:10 | Create | Villager (Male) |
| 10:14 | Create | Villager (Male) |
| 10:16 | Create | Spearman |
| 10:22 | Build | Palisade Wall |
| 10:28 | Create | Scout Cavalry |
| 10:36 | Build | Palisade Wall |
| 10:41 | Create | Scout Cavalry |
| 11:01 | Create | Scout Cavalry |
| 11:07 | Create | Villager (Male) |
| 11:09 | Build | Palisade Wall |
| 11:09 | Create | Villager (Male) |
| 11:21 | Build | House |
| 11:32 | Build | Palisade Wall |
| 11:34 | Create | Villager (Male) |
| 11:39 | Create | Villager (Male) |
| 11:43 | Build | Farm |
| 11:45 | Build | Farm |
| 11:46 | Build | Farm |
| 11:55 | Build | Farm |
| 11:58 | Build | House |
| 12:03 | Create | Villager (Male) |
| 12:10 | Build | Farm |
| 12:15 | Build | Farm |
| 12:15 | Create | Villager (Male) |
| 12:24 | Create | Villager (Male) |
| 12:28 | Build | House |
| 12:33 | Create | Villager (Male) |
| 12:36 | Build | Farm |
| 12:42 | Build | House |
| 12:53 | Create | Scout Cavalry |
| 13:04 | Build | House |
| 13:04 | Create | Villager (Male) |
| 13:07 | Create | Scout Cavalry |
| 13:10 | Create | Villager (Male) |
| 13:20 | Create | Villager (Male) |
| 13:23 | Build | Palisade Wall |
| 13:28 | Create | Scout Cavalry |
| 13:42 | Build | Stable |
| 13:49 | Build | House |
| 13:50 | Build | Palisade Wall |
| 13:54 | Create | Scout Cavalry |
| 13:56 | Build | Farm |
| 14:18 | Build | Palisade Wall |
| 14:20 | Build | Lumber Camp |
| 14:21 | Create | Villager (Male) |
| 14:26 | Create | Scout Cavalry |
| 14:30 | Build | Farm |
| 14:48 | Create | Scout Cavalry |
| 14:51 | Build | House |
| 14:56 | Build | Palisade Wall |
| 15:03 | Create | Villager (Male) |
| 15:10 | Create | Villager (Male) |
| 15:13 | Build | Farm |
| 15:32 | Create | Villager (Male) |
| 15:42 | Create | Villager (Male) |
| 15:50 | Create | Scout Cavalry |
| 15:54 | Build | Farm |
| 15:56 | Build | Farm |
| 16:03 | Build | Blacksmith |
| 16:05 | Create | Villager (Male) |
| 16:12 | Create | Scout Cavalry |
| 16:12 | Create | Scout Cavalry |
| 16:25 | Build | Farm |
| 16:33 | Create | Scout Cavalry |
| 16:39 | Build | House |
| 16:43 | Create | Scout Cavalry |
| 16:46 | Create | Villager (Male) |
| 16:50 | Build | Farm |
| 16:52 | Build | Farm |
| 17:06 | Create | Villager (Male) |
| 17:12 | Build | Farm |
| 17:14 | Build | Farm |
| 17:16 | Build | Farm |
| 17:20 | Create | Scout Cavalry |
| 17:24 | Create | Villager (Male) |
| 17:45 | Research | Scale Barding Armor |
| 17:45 | Research | Scale Barding Armor |
| 17:51 | Build | House |
| 17:59 | Create | Villager (Male) |
| 18:11 | Create | Villager (Male) |
| 18:18 | Create | Villager (Male) |
| 18:20 | Build | Mill |
| 18:21 | Build | Farm |
| 18:21 | Build | Farm |
| 18:21 | Build | Farm |
| 18:21 | Build | Farm |
| 18:21 | Build | Farm |
| 18:21 | Build | Farm |
| 18:22 | Build | Farm |
| 18:24 | Create | Villager (Male) |
| 18:33 | Create | Villager (Male) |
| 18:43 | Create | Villager (Male) |
| 18:46 | Create | Villager (Male) |
| 18:48 | Build | Farm |
| 18:49 | Build | Farm |
| 18:49 | Build | Farm |
| 18:49 | Build | Farm |
| 18:56 | Create | Scout Cavalry |
| 19:08 | Create | Villager (Male) |
| 19:15 | Create | Villager (Male) |
| 19:20 | Create | Scout Cavalry |
| 19:20 | Create | Scout Cavalry |
| 19:33 | Create | Villager (Male) |
| 19:35 | Build | House |
| 19:36 | Build | Palisade Wall |
| 19:41 | Create | Scout Cavalry |
| 19:45 | Build | Farm |
| 19:58 | Create | Scout Cavalry |
| 19:59 | Create | Scout Cavalry |
| 20:19 | Create | Villager (Male) |
| 20:29 | Create | Villager (Male) |
| 20:38 | Build | Market |
| 20:49 | Create | Scout Cavalry |
| 20:49 | Create | Scout Cavalry |
Build order — Internet Explorer
97 actions detected in the replay
| 0:04 | Build | Town Center |
| 0:40 | Build | Lumber Camp |
| 1:08 | Create | Villager (Male) ×4 |
| 2:08 | Create | Villager (Male) |
| 2:39 | Create | Villager (Male) |
| 2:40 | Create | Villager (Male) |
| 3:49 | Create | Villager (Male) |
| 3:49 | Create | Villager (Male) |
| 4:03 | Build | Mill |
| 4:09 | Create | Villager (Male) |
| 4:33 | Create | Villager (Male) ×3 |
| 5:46 | Build | House |
| 6:14 | Research | Feudal Age |
| 7:05 | Build | Barracks |
| 7:08 | Build | House |
| 8:16 | Build | Mining Camp |
| 8:22 | Create | Villager (Male) |
| 8:23 | Research | Loom |
| 8:29 | Age | Feudal Age |
| 8:55 | Build | Archery Range |
| 9:04 | Create | Villager (Male) |
| 9:05 | Create | Villager (Male) |
| 9:15 | Research | Town Watch |
| 9:17 | Create | Villager (Male) |
| 9:17 | Create | Villager (Male) |
| 9:43 | Create | Archer |
| 9:43 | Create | Archer |
| 10:20 | Create | Villager (Male) ×5 |
| 10:37 | Research | Double-Bit Axe |
| 10:41 | Build | Blacksmith |
| 10:49 | Create | Archer |
| 11:22 | Create | Archer |
| 11:34 | Build | House |
| 11:47 | Build | House |
| 11:53 | Create | Archer |
| 11:54 | Create | Villager (Male) |
| 12:08 | Create | Archer |
| 12:24 | Build | Archery Range |
| 12:38 | Create | Villager (Male) ×5 |
| 12:40 | Create | Archer |
| 13:01 | Research | Fletching |
| 13:31 | Create | Archer |
| 13:33 | Create | Villager (Male) ×4 |
| 14:13 | Create | Archer |
| 14:13 | Create | Archer |
| 14:17 | Build | House |
| 14:25 | Build | House |
| 14:26 | Build | House |
| 14:31 | Build | House |
| 14:43 | Create | Archer |
| 14:43 | Create | Archer |
| 14:53 | Research | Padded Archer Armor |
| 14:54 | Create | Archer |
| 14:54 | Create | Archer |
| 15:00 | Research | Horse Collar |
| 15:53 | Create | Archer |
| 15:53 | Create | Archer |
| 15:53 | Create | Villager (Male) ×5 |
| 16:09 | Create | Archer ×3 |
| 16:10 | Create | Villager (Male) ×2 |
| 16:31 | Build | Farm |
| 16:31 | Build | Farm |
| 16:32 | Build | Farm |
| 16:32 | Build | Farm |
| 16:32 | Build | Farm |
| 17:08 | Build | Lumber Camp |
| 17:12 | Build | House |
| 17:33 | Build | Farm |
| 17:35 | Create | Villager (Male) |
| 17:37 | Build | Farm |
| 17:53 | Build | Farm |
| 18:12 | Build | Farm |
| 18:41 | Build | Watch Tower |
| 18:45 | Build | Farm |
| 18:49 | Build | Farm |
| 19:05 | Research | Wheelbarrow |
| 19:08 | Build | House |
| 19:43 | Build | Farm |
| 19:45 | Build | Farm |
| 19:46 | Create | Archer |
| 19:46 | Create | Archer |
| 19:49 | Create | Archer |
| 19:49 | Create | Archer |
| 20:17 | Build | Market |
| 20:38 | Create | Villager (Male) ×5 |
| 21:18 | Create | Archer |
| 21:19 | Create | Archer |
| 21:24 | Research | Castle Age |
| 21:26 | Build | Farm |
| 21:29 | Build | Farm |
| 21:33 | Create | Archer |
| 21:34 | Create | Archer |
| 21:37 | Build | Archery Range |
| 21:53 | Create | Archer |
| 21:54 | Create | Archer |
| 22:05 | Create | Villager (Male) ×5 |
| 22:07 | Create | Archer ×5 |
Build order — MaMo7x
103 actions detected in the replay
| 0:08 | Build | Town Center |
| 1:09 | Create | Villager (Male) |
| 1:11 | Create | Villager (Male) |
| 1:17 | Create | Villager (Male) |
| 1:18 | Create | Villager (Male) |
| 1:49 | Create | Villager (Male) |
| 2:19 | Create | Villager (Male) |
| 3:04 | Create | Villager (Male) |
| 3:17 | Build | House |
| 3:26 | Build | House |
| 3:30 | Create | Villager (Male) |
| 4:14 | Build | Lumber Camp |
| 4:26 | Create | Villager (Male) |
| 4:27 | Create | Villager (Male) |
| 4:38 | Create | Villager (Male) |
| 5:07 | Create | Villager (Male) |
| 5:34 | Create | Villager (Male) |
| 5:42 | Create | Villager (Male) |
| 5:51 | Build | House |
| 5:58 | Build | House |
| 6:01 | Create | Villager (Male) |
| 6:36 | Research | Loom |
| 6:36 | Research | Loom |
| 7:14 | Build | Mining Camp |
| 7:19 | Create | Villager (Male) |
| 7:57 | Research | Feudal Age |
| 7:57 | Research | Feudal Age |
| 8:19 | Build | House |
| 8:54 | Build | Palisade Wall |
| 9:59 | Build | House |
| 10:07 | Age | Feudal Age |
| 10:18 | Create | Villager (Male) |
| 10:30 | Build | Barracks |
| 10:39 | Build | House |
| 10:47 | Build | House |
| 10:52 | Build | House |
| 10:57 | Create | Villager (Male) |
| 10:58 | Create | Villager (Male) |
| 11:15 | Build | Archery Range |
| 11:21 | Build | Archery Range |
| 11:27 | Build | House |
| 11:36 | Create | Villager (Male) |
| 11:56 | Create | Militia |
| 12:01 | Create | Militia |
| 12:31 | Create | Archer |
| 12:33 | Create | Archer |
| 12:34 | Create | Villager (Male) |
| 12:48 | Build | Blacksmith |
| 13:04 | Create | Villager (Male) |
| 13:12 | Create | Archer |
| 13:12 | Create | Archer |
| 13:42 | Create | Villager (Male) |
| 13:43 | Create | Villager (Male) |
| 13:49 | Build | Mining Camp |
| 13:57 | Build | House |
| 14:00 | Build | House |
| 14:02 | Build | House |
| 14:04 | Build | House |
| 14:06 | Build | Palisade Wall |
| 14:07 | Build | House |
| 14:13 | Build | Palisade Wall |
| 14:22 | Build | Watch Tower |
| 14:36 | Create | Villager (Male) |
| 14:43 | Research | Fletching |
| 14:43 | Research | Fletching |
| 15:08 | Create | Villager (Male) |
| 15:28 | Create | Villager (Male) |
| 15:42 | Create | Villager (Male) |
| 16:05 | Build | Mill |
| 16:33 | Create | Villager (Male) |
| 16:34 | Create | Villager (Male) |
| 16:36 | Create | Archer |
| 16:36 | Create | Archer |
| 16:51 | Build | Watch Tower |
| 17:29 | Create | Villager (Male) |
| 17:39 | Create | Villager (Male) |
| 17:40 | Create | Villager (Male) |
| 17:48 | Build | Farm |
| 17:50 | Build | Farm |
| 17:53 | Build | Farm |
| 18:00 | Create | Villager (Male) |
| 18:04 | Create | Archer |
| 18:23 | Research | Padded Archer Armor |
| 18:23 | Research | Padded Archer Armor |
| 18:26 | Build | Farm |
| 18:29 | Build | Farm |
| 18:46 | Build | Farm |
| 18:47 | Build | Farm |
| 18:58 | Create | Archer |
| 18:58 | Create | Archer |
| 19:17 | Build | Farm |
| 19:22 | Create | Archer |
| 19:23 | Create | Archer |
| 20:03 | Create | Archer |
| 20:16 | Create | Archer |
| 20:17 | Create | Archer |
| 20:17 | Create | Archer |
| 20:18 | Create | Villager (Male) |
| 20:20 | Create | Archer |
| 20:27 | Create | Villager (Male) |
| 20:52 | Create | Archer |
| 20:52 | Create | Archer |
| 20:53 | Create | Villager (Male) |
Match timeline
| 6:16 | Indy · wall_segment Palisade Wall x1 |
| 6:18 | Indy · wall_segment Palisade Wall x3 |
| 6:49 | Marlin · first_building Barracks |
| 7:05 | Internet Explorer · first_building Barracks |
| 7:14 | Mike_raft · first_building Barracks |
| 7:29 | Yololo · first_building Barracks |
| 7:34 | Marlin · age_up feudal |
| 7:36 | Marlin · first_building Stable |
| 8:03 | Indy · first_building Barracks |
| 8:29 | Internet Explorer · age_up feudal |
| 8:36 | Yololo · wall_segment Palisade Wall x3 |
| 8:46 | Decade · age_up feudal |
| 8:54 | MaMo7x · wall_segment Palisade Wall x8 |
| 8:55 | Internet Explorer · first_building Archery Range |
| 9:01 | Indy · wall_segment Palisade Wall x1 |
| 9:02 | Indy · wall_segment Palisade Wall x1 |
| 9:03 | Indy · wall_segment Palisade Wall x1 |
| 9:12 | Yololo · age_up feudal |
| 9:14 | Oliver · first_building Barracks |
| 9:15 | Yololo · first_building Stable |
| 9:23 | Yololo · wall_segment Palisade Wall x8 |
| 9:37 | Mike_raft · age_up feudal |
| 9:39 | Mike_raft · first_building Archery Range |
| 9:57 | Indy · age_up feudal |
| 9:59 | Yololo · wall_segment Palisade Wall x3 |
| 10:05 | Yololo · wall_segment Palisade Wall x3 |
| 10:07 | MaMo7x · age_up feudal |
| 10:14 | Indy · first_building Archery Range |
| 10:22 | Yololo · wall_segment Palisade Wall x4 |
| 10:30 | MaMo7x · first_building Barracks |
| 10:36 | Yololo · wall_segment Palisade Wall x1 |
| 10:41 | Oliver · age_up feudal |
| 10:42 | Oliver · first_building Stable |
| 10:49 | Indy · wall_segment Palisade Wall x6 |
| 10:59 | Decade · wall_segment Palisade Wall x6 |
| 11:09 | Yololo · wall_segment Palisade Wall x2 |
| 11:15 | MaMo7x · first_building Archery Range |
| 11:16 | Indy · wall_segment Palisade Wall x5 |
| 11:32 | Yololo · wall_segment Palisade Wall x7 |
| 11:41 | Decade · wall_segment Palisade Wall x4 |
| 12:00 | Decade · wall_segment Palisade Wall x7 |
| 12:05 | Decade · wall_segment Palisade Wall x3 |
| 12:56 | Decade · wall_segment Palisade Wall x5 |
| 13:17 | Decade · wall_segment Palisade Wall x15 |
| 13:22 | Decade · wall_segment Palisade Wall x8 |
| 13:23 | Yololo · wall_segment Palisade Wall x1 |
| 13:30 | Decade · wall_segment Palisade Wall x2 |
| 13:50 | Yololo · wall_segment Palisade Wall x1 |
| 14:06 | Decade · wall_segment Palisade Wall x4 |
| 14:06 | MaMo7x · wall_segment Palisade Wall x1 |
| 14:13 | MaMo7x · wall_segment Palisade Wall x1 |
| 14:14 | Decade · wall_segment Palisade Wall x3 |
| 14:18 | Yololo · wall_segment Palisade Wall x3 |
| 14:40 | Decade · wall_segment Palisade Wall x9 |
| 14:56 | Yololo · wall_segment Palisade Wall x14 |
| 15:32 | Marlin · wall_segment Palisade Wall x23 |
| 16:45 | Decade · wall_segment Palisade Wall x1 |
| 16:46 | Decade · wall_segment Palisade Wall x1 |
| 16:58 | Decade · wall_segment Palisade Wall x1 |
| 17:02 | Decade · wall_segment Palisade Wall x1 |
| 17:05 | Decade · wall_segment Palisade Wall x1 |
| 17:18 | Decade · wall_segment Palisade Wall x1 |
| 17:20 | Decade · wall_segment Palisade Wall x1 |
| 17:20 | Decade · wall_segment Palisade Wall x1 |
| 17:21 | Decade · wall_segment Palisade Wall x1 |
| 17:40 | Decade · first_building Barracks |
| 19:36 | Yololo · wall_segment Palisade Wall x2 |
| 20:07 | Decade · wall_segment Palisade Wall x5 |
| 20:43 | Decade · resign |
| 22:01 | Oliver · age_up castle |
[ AI ANALYSIS · 1 CREDIT ]
What really happened in this match?
Wolo.gg analyzes every decision: build order, eco, micro, common mistakes by bracket. Personalized analysis on WhatsApp or Discord in 30 seconds.
Civ guide
Magyars
Perfil
Jugador #5975102